Map: Eternal Empire LE

Players

Hurricane

  • Race: Protoss Protoss
  • Spawn Location: 1:00

ShoWTimE - Winner!

  • Race: Protoss Protoss
  • Spawn Location: 7:00

Event: War Chest Team League

VOD

Have the link to the VOD?

Description

Time

  • Played on: Aug. 2, 2020, 8:15 a.m.
  • Length: 28:52
Show
View Real Time Build Order
Export as new Build Order

Hurricane Protoss 

Build Orders: Phoenix Opening, Blink Stalkers 

Get SALT Encoding   

  12  0:00  Probe  
  13  0:12  Probe  
  14  0:17  Pylon  
  14  0:24  Probe (Chrono Boost)  
  15  0:37  Probe (Chrono Boost)  
  15  0:38  Gateway  
  16  0:45  Probe (Chrono Boost)  
  16  0:46  Assimilator  
  17  0:51  Probe  
  17  0:55  Assimilator  
  18  1:03  Probe (Chrono Boost)  
  19  1:08  Gateway  
  19  1:13  Probe (Chrono Boost)  
  19  1:18  Probe (Chrono Boost)  
  20  1:25  Cybernetics Core  
  21  1:30  Probe  
  22  1:37  Pylon  
  22  1:42  Probe  
  23  1:55  Probe  
  24  2:01  Stalker  
  24  2:03  Stalker  
  24  2:06  Warp Gate  
  28  2:15  Pylon  
  28  2:32  Sentry  
  28  2:33  Sentry  
  31  2:51  Nexus  
  31  2:52  Probe (Chrono Boost)  
  32  3:02  Sentry  
  32  3:04  Probe (Chrono Boost)  
  35  3:07  Phoenix  
  35  3:12  Probe (Chrono Boost)  
  36  3:14  Twilight Council  
  36  3:18  Probe  
  36  3:21  Pylon  
  37  3:30  Probe  
  38  3:34  Phoenix  
  38  3:42  Probe (Chrono Boost)  
  39  3:51  Blink  
  39  3:55  Forge, Probe (Chrono Boost)  
  40  3:56  Stalker  
  40  4:00  Phoenix  
  42  4:05  Probe (Chrono Boost)  
  42  4:07  Probe (Chrono Boost)  
  44  4:15  Probe x2 (Chrono Boost)  
  46  4:22  Probe (Chrono Boost)  
  48  4:25  Probe (Chrono Boost)  
  48  4:28  Protoss Ground Weapons Level 1  
  48  4:30  Probe (Chrono Boost)  
  49  4:33  Probe (Chrono Boost)  
  49  4:36  Probe  
  51  4:39  Gateway  
  51  4:43  Probe  
  52  4:47  Nexus  
  52  4:51  Probe  
  53  4:53  Assimilator  
  53  4:55  Probe  
  54  5:04  Robotics Facility  
  54  5:06  Gateway  
  54  5:08  Probe  
  54  5:09  Probe  
  56  5:15  Gateway  
  56  5:22  Stalker  
  56  5:23  Stalker  
  56  5:25  Probe  
  56  5:27  Probe  
  62  5:28  Pylon  
  62  5:31  Pylon  
  62  5:36  Phoenix  
  62  5:44  Pylon  
  62  5:46  Assimilator, Probe x2  
  62  5:48  Immortal (Chrono Boost)  
  68  5:58  Probe x2  
  68  6:00  Probe  
  68  6:02  Stalker x2  
  77  6:11  Probe x2 (Chrono Boost)  
  77  6:12  Probe (Chrono Boost)  
  78  6:22  Probe (Chrono Boost)  
  78  6:23  Phoenix, Immortal, Probe x2 (Chrono Boost), Robotics Bay  
  85  6:27  Probe (Chrono Boost)  
  85  6:28  Probe (Chrono Boost)  
  85  6:31  Probe  
  88  6:34  Photon Cannon  
  88  6:36  Pylon  
  88  6:37  Probe  
  89  6:40  Assimilator  
  89  6:41  Probe  
  89  6:42  Robotics Facility, Protoss Ground Weapons Level 2 (Chrono Boost)  
  90  6:47  Probe  
  90  6:49  Probe  
  90  6:54  Assimilator  
  92  6:55  Shield Battery  
  92  6:57  Pylon  
  92  7:02  Observer (Chrono Boost)  
  92  7:05  Probe x2  
  95  7:09  Pylon  
  95  7:17  Pylon  
  95  7:20  Disruptor (Chrono Boost)  
  95  7:21  Dark Shrine  
  95  7:24  Nexus  
  95  7:25  Pylon  
  95  7:28  Pylon  
  95  7:29  Photon Cannon  
  98  7:36  Stalker x3  
  104  7:39  Disruptor (Chrono Boost)  
  107  7:48  Stalker x2, Disruptor (Chrono Boost)  
  111  7:56  Probe x2  
  111  7:57  Probe  
  117  8:00  Photon Cannon  
  117  8:06  Disruptor (Chrono Boost)  
  120  8:15  Warp Prism (Chrono Boost)  
  120  8:18  Photon Cannon  
  122  8:21  Shield Battery  
  122  8:25  Gravitic Boosters  
  122  8:30  Stalker x3  
  122  8:31  Pylon  
  122  8:32  Stalker  
  130  8:35  Stalker  
  130  8:36  Observer (Chrono Boost)  
  130  8:38  Pylon  
  130  8:41  Probe x2  
  135  8:42  Probe, Disruptor  
  135  8:43  Shadow Stride, Probe  
  135  8:46  Charge  
  140  8:54  Probe x3  
  143  8:55  Assimilator  
  143  8:57  Assimilator  
  143  8:59  Probe  
  144  9:04  Disruptor (Chrono Boost)  
  147  9:18  Disruptor (Chrono Boost)  
  147  9:23  Stalker x3  
  156  9:29  Probe x3  
  159  9:33  Photon Cannon  
  159  9:36  Stalker, Photon Cannon  
  159  9:37  Disruptor (Chrono Boost)  
  159  9:38  Protoss Ground Weapons Level 3 (Chrono Boost)  
  161  9:39  Pylon  
  161  9:45  Gateway  
  164  9:48  Disruptor (Chrono Boost)  
  164  9:49  Gateway  
  164  9:51  Gateway  
  167  9:53  Pylon  
  167  10:05  Stalker x5  
  167  10:06  Disruptor  
  180  10:19  Disruptor  
  173  10:29  Stalker x2  
  173  10:30  Stalker x3  
  183  10:37  Nexus  
  183  10:41  Disruptor  
  144  10:57  Stalker x5  
  144  10:58  Stalker x3  
  144  10:59  Disruptor  
  146  11:17  Disruptor  
  147  11:23  Stalker x3  
  147  11:24  Stalker x5  
  163  11:34  Disruptor (Chrono Boost)  
  160  11:45  Pylon  
  160  11:46  Probe x4  
  164  11:48  Unknown  
  164  11:50  Disruptor (Chrono Boost)  
  167  11:58  Probe x4  
  167  11:59  Probe  
  167  12:01  Gateway  
  172  12:04  Disruptor (Chrono Boost)  
  172  12:05  Gateway, Photon Cannon  
  172  12:07  Dark Templar x3  
  172  12:08  Photon Cannon, Dark Templar x2  
  185  12:09  Shield Battery  
  185  12:10  Probe  
  185  12:11  Photon Cannon, Dark Templar  
  188  12:16  Sentry  
  188  12:18  Disruptor  
  193  12:31  Dark Templar  
  193  12:40  Stalker  
  193  12:41  Stalker x2  
  193  12:43  Pylon  
  199  12:45  Gateway  
  199  12:47  Gateway  
  183  12:59  Dark Templar x3  
  183  13:00  Dark Templar  
  189  13:13  Photon Cannon, Disruptor, Observer  
  189  13:16  Photon Cannon  
  189  13:18  Photon Cannon  
  189  13:19  Photon Cannon  
  184  13:31  Stalker x4  
  184  13:33  Stalker x2  
  184  13:34  Stalker  
  194  13:47  Stalker x3  
  177  13:55  Zealot x4  
  185  13:57  Probe x2  
  187  14:05  Zealot x3  
  187  14:09  Pylon  
  193  14:12  Pylon  
  193  14:14  Zealot x2  
  195  14:21  Nexus  
  167  14:40  Stalker x3  
  167  14:41  Stalker x6  
  167  14:42  Stalker  
  167  14:43  Observer  
  178  14:45  Observer  
  178  14:47  Archon  
  178  14:48  Archon  
  178  14:49  Observer  
  178  14:51  Photon Cannon  
  178  14:52  Photon Cannon, Probe x3  
  174  15:06  Stalker x8, Disruptor  
  193  15:11  Observer  
  190  15:27  Stalker x2  
  186  15:30  Stalker x5  
  191  15:36  Stalker  
  191  15:38  Stalker  
  193  15:54  Stalker  
  193  15:55  Zealot x4  
  184  16:08  Stalker x5  
  184  16:16  Stalker x3  
  176  16:35  Probe x3, Disruptor x2 (Chrono Boost)  
  176  16:36  Probe  
  159  16:47  Probe  
  159  17:00  Templar Archives  
  159  17:02  Stalker  
  159  17:03  Nexus  
  159  17:05  Stalker  
  159  17:06  Stalker x2  
  162  17:09  Disruptor x2 (Chrono Boost)  
  167  17:22  Probe x2  
  169  17:23  Probe x2  
  169  17:26  Pylon  
  169  17:28  Sentry  
  173  17:34  Probe  
  173  17:35  Probe, Disruptor x2 (Chrono Boost)  
  180  17:46  Assimilator  
  180  17:47  Assimilator  
  180  17:50  Dark Templar x5  
  180  17:51  Dark Templar x4  
  194  17:52  Dark Templar  
  198  18:06  Pylon  
  177  18:27  High Templar x2  
  177  18:28  High Templar x2, Zealot x4  
  177  18:29  Zealot x4  
  197  18:34  Archon x2  
  197  18:39  Photon Cannon  
  195  18:42  Shield Battery  
  195  18:45  Assimilator  
  195  18:46  Photon Cannon  
  195  18:47  Assimilator  
  192  18:52  Disruptor x2  
  198  19:02  Pylon  
  198  19:04  Stalker  
  198  19:05  Photon Cannon  
  162  19:40  Stalker x2  
  162  19:41  Stalker x10  
  170  19:56  Disruptor x2  
  165  20:04  Stalker x3  
  165  20:05  Stalker, Zealot  
  165  20:06  Zealot x7  
  175  20:28  Stalker x3, Nexus  
  175  20:31  Zealot x2  
  175  20:32  Zealot x5  
  175  20:33  Zealot x2  
  175  20:35  Disruptor (Chrono Boost)  
  191  20:43  Observer (Chrono Boost)  
  189  20:55  Nexus  
  189  20:56  Photon Cannon, Shield Battery  
  183  20:58  Pylon  
  183  20:59  Photon Cannon  
  183  21:01  Photon Cannon  
  183  21:03  Observer (Chrono Boost)  
  182  21:06  Stalker  
  182  21:07  Observer (Chrono Boost)  
  182  21:08  Zealot x8  
  182  21:09  Zealot  
  197  21:13  Zealot  
  197  21:15  Probe  
  198  21:37  Stalker x2  
  198  21:38  Stalker  
  175  22:14  Stalker x7  
  175  22:15  Zealot x5  
  193  22:16  Probe x2  
  193  22:31  Probe  
  191  22:39  Probe x2, Zealot x3  
  191  22:40  Probe  
  194  22:45  Disruptor x2  
  194  22:48  Zealot  
  194  23:04  Nexus  
  158  23:07  Stalker x6  
  158  23:08  Stalker x5  
  168  23:21  Observer x2  
  168  23:25  Pylon  
  162  23:38  Stalker x4  
  162  23:39  High Templar x2, Zealot x2  
  162  23:40  Zealot x4  
  181  23:43  Archon  
  181  23:46  Observer  
  181  23:48  Observer  
  175  23:59  Photon Cannon  
  173  24:04  High Templar x2, Zealot x2  
  173  24:05  Zealot x3  
  185  24:10  Archon  
  185  24:14  Dark Templar  
  185  24:15  Dark Templar  
  189  24:27  Unknown  
  169  24:40  Zealot x7  
  169  24:41  Zealot  
  185  24:59  Zealot x4  
  167  25:18  Stalker  
  167  25:19  Stalker x8  
  176  25:23  High Templar x2  
  176  25:26  Archon  
  176  25:27  Zealot  
  178  25:31  Shield Battery  
  178  25:37  Archon  
  178  25:42  Nexus  
  176  25:47  Pylon  
  176  25:48  High Templar  
  176  25:49  High Templar, Zealot  
  182  25:50  Zealot x5  
  182  25:53  Protoss Shields Level 1  
  182  25:56  Zealot x4  
  199  25:58  Archon  
  180  26:26  Nexus  
  180  26:27  Stalker x3, Observer  
  180  26:28  High Templar x3  
  180  26:32  Archon  
  192  26:33  Zealot x3  
  192  26:37  High Templar  
  200  26:43  Archon  
  198  27:01  Warp Prism  
  182  27:20  Zealot x2  
  182  27:21  Stalker x7  
  118  27:41  High Templar  
  118  27:42  High Templar x3, Zealot  
  116  27:45  Archon  
  116  27:46  Archon  
  116  27:50  Stalker x4  
  122  27:58  Pylon  
  122  28:16  Sentry  
  122  28:17  Stalker x3, Zealot x3  
  122  28:18  Zealot x2  
Show
View Real Time Build Order
Export as new Build Order

ShoWTimE Protoss - Winner!

Build Orders: Phoenix Opening 

Get SALT Encoding   

  12  0:00  Probe  
  13  0:12  Probe  
  14  0:17  Pylon  
  14  0:24  Probe (Chrono Boost)  
  15  0:36  Gateway, Probe (Chrono Boost)  
  16  0:44  Probe (Chrono Boost)  
  16  0:46  Assimilator  
  17  0:50  Probe  
  17  0:54  Assimilator  
  18  1:03  Probe (Chrono Boost)  
  19  1:08  Gateway  
  19  1:13  Probe (Chrono Boost)  
  19  1:18  Probe (Chrono Boost)  
  20  1:24  Cybernetics Core  
  21  1:29  Probe  
  22  1:35  Pylon  
  22  1:41  Probe  
  23  1:53  Probe  
  24  1:59  Warp Gate (Chrono Boost)  
  24  2:00  Stalker x2  
  28  2:06  Probe  
  29  2:14  Pylon  
  29  2:32  Sentry  
  29  2:33  Sentry  
  33  2:44  Nexus  
  33  2:47  Probe  
  34  2:57  Shield Battery  
  34  3:00  Probe  
  34  3:02  Sentry  
  37  3:06  Phoenix  
  37  3:08  Pylon  
  37  3:12  Probe (Chrono Boost)  
  38  3:23  Probe (Chrono Boost)  
  38  3:25  Twilight Council  
  39  3:28  Probe (Chrono Boost)  
  40  3:38  Probe  
  40  3:40  Stalker  
  43  3:46  Forge  
  43  3:51  Probe (Chrono Boost)  
  44  4:00  Probe (Chrono Boost)  
  45  4:05  Blink  
  45  4:08  Probe (Chrono Boost)  
  47  4:10  Probe (Chrono Boost)  
  47  4:15  Probe x2 (Chrono Boost)  
  47  4:16  Assimilator  
  49  4:19  Protoss Ground Weapons Level 1 (Chrono Boost)  
  49  4:27  Probe (Chrono Boost)  
  51  4:32  Robotics Facility  
  51  4:33  Probe (Chrono Boost)  
  51  4:35  Probe (Chrono Boost)  
  52  4:39  Stalker, Probe (Chrono Boost)  
  52  4:41  Probe  
  56  4:50  Phoenix  
  56  4:51  Probe  
  57  4:53  Probe  
  57  4:59  Nexus  
  58  5:00  Pylon  
  58  5:03  Probe  
  58  5:05  Probe  
  60  5:10  Pylon  
  60  5:15  Gateway x2  
  60  5:17  Probe  
  60  5:18  Probe  
  60  5:20  Observer  
  63  5:27  Gateway  
  63  5:28  Gateway  
  63  5:30  Probe  
  63  5:32  Probe  
  65  5:42  Probe  
  66  5:44  Shield Battery, Probe  
  66  5:46  Immortal (Chrono Boost)  
  66  5:49  Phoenix  
  50  5:50  Phoenix  
  71  5:54  Probe  
  71  5:56  Probe  
  73  5:59  Pylon  
  73  6:06  Probe  
  73  6:08  Probe  
  75  6:11  Probe  
  75  6:18  Probe  
  77  6:20  Stalker x3, Probe  
  77  6:22  Immortal (Chrono Boost)  
  77  6:23  Pylon, Probe  
  89  6:28  Charge  
  89  6:29  Assimilator, Protoss Ground Weapons Level 2 (Chrono Boost)  
  89  6:30  Phoenix, Probe  
  90  6:33  Probe  
  90  6:34  Assimilator  
  90  6:36  Probe  
  92  6:42  Probe  
  92  6:45  Probe, Robotics Bay  
  94  6:47  Assimilator  
  94  6:48  Probe  
  95  6:57  Probe  
  95  6:59  Observer  
  97  7:03  Nexus  
  97  7:05  Pylon  
  97  7:13  Robotics Facility  
  97  7:15  Probe x3  
  100  7:19  Pylon  
  100  7:20  Photon Cannon  
  100  7:24  Photon Cannon  
  100  7:27  Photon Cannon, Probe x2  
  102  7:30  Disruptor (Chrono Boost)  
  105  7:37  Dark Shrine  
  105  7:38  Stalker x3  
  105  7:39  Stalker  
  113  7:47  Probe x3  
  116  7:51  Pylon  
  116  7:53  Pylon  
  116  7:59  Gateway x2, Gravitic Boosters  
  119  8:05  Disruptor (Chrono Boost)  
  119  8:07  Disruptor (Chrono Boost)  
  119  8:12  Stalker x2, Phoenix  
  126  8:17  Photon Cannon  
  126  8:25  Stalker x2  
  130  8:32  Pylon  
  130  8:33  Disruptor (Chrono Boost)  
  130  8:34  Disruptor (Chrono Boost)  
  130  8:36  Shield Battery  
  130  8:37  Protoss Ground Weapons Level 3  
  130  8:38  Photon Cannon  
  130  8:39  Stalker x2  
  140  8:52  Shadow Stride  
  140  8:56  Assimilator, Probe x4  
  140  8:57  Disruptor  
  140  9:01  Assimilator, Zealot x3  
  153  9:08  Probe x2  
  153  9:09  Probe  
  154  9:21  Stalker x5  
  164  9:25  Pylon  
  164  9:26  Pylon  
  164  9:28  Pylon  
  164  9:29  Pylon  
  164  9:33  Pylon  
  164  9:43  Warp Prism (Chrono Boost)  
  169  9:45  Disruptor (Chrono Boost)  
  169  9:46  Photon Cannon x2  
  169  9:50  Dark Templar x4  
  169  9:52  Pylon  
  175  10:00  Dark Templar x3  
  175  10:05  Nexus  
  177  10:25  Zealot x5  
  185  10:28  Stargate  
  185  10:30  Probe x3  
  154  10:50  Stalker x8  
  154  10:55  Disruptor x2  
  174  10:59  Probe x3  
  174  11:03  Pylon  
  166  11:14  Dark Templar x6  
  166  11:18  Probe x4, Unknown  
  176  11:32  Observer x2  
  168  11:47  Photon Cannon  
  171  11:48  Photon Cannon  
  171  11:50  Photon Cannon, Dark Templar x3  
  171  11:51  Dark Templar x2, Zealot x3  
  171  11:52  Photon Cannon  
  184  11:54  Photon Cannon  
  184  11:59  Protoss Shields Level 1 (Chrono Boost)  
  184  12:05  Fleet Beacon  
  184  12:11  Shield Battery  
  184  12:13  Shield Battery  
  184  12:16  Stalker x3  
  184  12:17  Pylon  
  184  12:18  Pylon  
  184  12:19  Pylon  
  190  12:28  Stalker x4  
  190  12:29  Stalker, Disruptor  
  198  12:44  Stargate  
  198  12:47  Dark Templar  
  200  12:54  Nexus  
  200  12:55  Pylon  
  200  12:57  Zealot  
  200  12:58  Zealot x5  
  200  13:11  Photon Cannon  
  199  13:14  Photon Cannon  
  199  13:15  Photon Cannon  
  199  13:16  Photon Cannon  
  189  13:28  Stalker x5  
  199  13:38  Stargate  
  195  13:50  Photon Cannon, Disruptor  
  195  13:52  Photon Cannon  
  195  13:54  Photon Cannon  
  194  14:03  Stalker x3  
  194  14:08  Protoss Air Weapons Level 1 (Chrono Boost), Gateway  
  200  14:11  Gateway  
  190  14:25  Dark Templar x5  
  190  14:29  Disruptor x2  
  175  14:34  Tempest  
  175  14:35  Tempest  
  163  14:40  Dark Templar x3  
  163  14:57  Stalker x2  
  163  14:58  Stalker x3  
  173  15:02  Stalker  
  173  15:05  Observer (Chrono Boost)  
  177  15:12  Observer (Chrono Boost)  
  177  15:13  Stalker x4  
  183  15:19  Observer (Chrono Boost)  
  178  15:27  Observer  
  164  15:28  Zealot x6  
  164  15:38  Observer  
  164  15:41  Stalker x4  
  173  15:47  Disruptor  
  172  15:53  Stalker x6  
  172  15:55  Tempest x2  
  186  15:59  Disruptor  
  174  16:12  Stalker x4  
  180  16:23  Stalker x6, Disruptor  
  194  16:34  Nexus  
  194  16:35  Disruptor  
  197  16:40  Dark Templar  
  194  16:53  Nexus  
  194  16:55  Pylon  
  194  16:59  Tempest, Nexus  
  199  17:20  Unknown  
  199  17:21  Dark Templar  
  199  17:32  Protoss Shields Level 2 (Chrono Boost)  
  199  17:33  Pylon  
  199  17:41  Photon Cannon, Pylon  
  199  17:42  Photon Cannon  
  199  17:44  Photon Cannon  
  199  17:46  Photon Cannon  
  199  17:48  Shield Battery  
  199  17:50  Shield Battery, Observer  
  197  17:51  Dark Templar  
  197  17:56  Observer  
  200  18:12  Stalker x3  
  192  18:13  Stalker x2  
  192  18:17  Zealot  
  200  18:36  Assimilator, Nexus  
  200  18:40  Photon Cannon, Assimilator  
  200  18:41  Photon Cannon  
  200  18:43  Photon Cannon  
  200  18:45  Shield Battery  
  200  18:47  Shield Battery  
  197  18:48  Shield Battery  
  197  18:50  Dark Templar  
  197  18:54  Pylon  
  199  19:09  Dark Templar  
  200  19:14  Protoss Air Weapons Level 2 (Chrono Boost)  
  196  19:18  Dark Templar x3  
  196  19:23  Dark Templar x3  
  197  19:31  Tempest x2  
  177  19:36  Stalker x3  
  184  19:42  Stalker  
  181  19:51  Dark Templar x3  
  168  19:58  Zealot x3  
  166  20:00  Dark Templar x3  
  166  20:05  Zealot  
  166  20:09  Probe x3  
  166  20:10  Probe  
  166  20:12  Probe  
  166  20:13  Probe  
  166  20:14  Tempest x2  
  170  20:21  Probe x3  
  179  20:22  Zealot x3  
  179  20:28  Dark Templar x3  
  192  20:29  Observer  
  193  20:36  Photon Cannon  
  193  20:40  Dark Templar  
  193  20:41  Zealot x2  
  199  20:42  Photon Cannon  
  190  20:54  Photon Cannon  
  185  20:57  Stalker x4  
  185  20:58  Photon Cannon  
  185  21:00  Photon Cannon  
  185  21:02  Photon Cannon  
  189  21:06  Zealot x4  
  193  21:18  Assimilator  
  193  21:22  Assimilator  
  193  21:31  Photon Cannon  
  193  21:35  Stalker x3, Photon Cannon  
  196  21:47  Stalker x2  
  191  21:55  Dark Templar x2  
  191  21:56  Zealot x2  
  169  22:19  Probe  
  169  22:20  Stalker x3, Probe x2  
  178  22:26  Observer  
  172  22:38  Zealot x2  
  172  22:39  Zealot x3  
  182  22:51  Stalker x4  
  176  23:06  Stalker x2  
  176  23:07  Zealot x4  
  176  23:08  Pylon  
  176  23:11  Photon Cannon  
  184  23:14  Photon Cannon  
  184  23:18  Zealot x4  
  170  23:31  Assimilator  
  168  23:53  Zealot x10  
  188  23:58  Disruptor (Chrono Boost)  
  191  24:07  Disruptor (Chrono Boost)  
  194  24:17  Zealot x3  
  195  24:33  Zealot x2  
  197  24:40  Disruptor  
  197  24:44  Dark Templar  
  197  25:00  Zealot  
  197  25:01  Zealot  
  180  25:22  Zealot x10  
  180  25:25  Observer  
  180  25:27  Unknown  
  200  25:38  Nexus  
  200  25:40  Pylon  
  200  25:41  Photon Cannon  
  200  25:42  Photon Cannon  
  198  25:54  Pylon  
  198  25:56  Unknown  
  196  26:10  Robotics Facility  
  196  26:12  Robotics Facility  
  196  26:18  Photon Cannon  
  195  26:19  Observer (Chrono Boost)  
  195  26:20  Photon Cannon  
  195  26:23  Photon Cannon  
  195  26:24  Shield Battery  
  182  26:30  Stalker x2  
  182  26:31  Stalker, Disruptor (Chrono Boost)  
  191  26:57  Disruptor x2  
  197  27:15  Zealot x5  
  199  27:20  Zealot x5  
  182  27:28  Disruptor  
  167  27:32  Disruptor  
  167  27:33  Disruptor  
  167  27:36  Zealot  
  167  27:37  Zealot x2  
  165  27:44  Unknown  
  165  27:45  Probe  
  165  27:47  Probe  
  167  27:54  Zealot x2  
  171  27:59  Probe x3  
  171  28:04  Observer  
  170  28:09  Observer  
  170  28:12  Zealot x2  
  163  28:32  Zealot  
  163  28:38  Zealot x2  
Tags
 
Add a new tag
Caveats
  • Supply blocks, unpowered buildings, or Contaminate may cause inaccurate times.
  • Supply counts are checked every 10 seconds.